Map: Frozen Temple

Players

IlIlIlIlIl

  • Race: Protoss Protoss
  • League: Grandmaster

Miszu - Winner!

  • Race: Terran Terran
  • League: Master

VOD

Have the link to the VOD?

Description

Time

  • Played on: April 9, 2016, 4:16 p.m.
  • Length: 4:57
Show
View Real Time Build Order
Export as new Build Order

IlIlIlIlIl Protoss 

Build Orders: Oracle Opening 

Get SALT Encoding   

  12  0:03  Probe (Chrono Boost)  
  13  0:13  Probe (Chrono Boost)  
  14  0:24  Probe (Chrono Boost)  
  15  0:32  Assimilator  
  15  0:35  Pylon  
  15  0:50  Pylon  
  15  0:53  Probe (Chrono Boost)  
  15  0:54  Gateway  
  16  1:03  Probe (Chrono Boost)  
  17  1:12  Assimilator  
  17  1:14  Probe (Chrono Boost)  
  18  1:25  Probe (Chrono Boost)  
  19  1:35  Probe (Chrono Boost)  
  20  1:41  Cybernetics Core  
  20  1:42  Zealot (Chrono Boost)  
  20  1:46  Probe (Chrono Boost)  
  23  1:57  Probe (Chrono Boost)  
  23  2:09  Probe (Chrono Boost)  
  23  2:14  Pylon  
  24  2:19  Adept (Chrono Boost)  
  24  2:20  Mothership Core (Chrono Boost)  
  24  2:21  Warp Gate  
  28  2:28  Stargate  
  28  2:38  Probe (Chrono Boost)  
  29  2:46  Adept (Chrono Boost)  
  31  2:54  Probe  
  32  2:59  Pylon  
  32  3:04  Pylon x2  
  32  3:10  Pylon  
  32  3:15  Probe  
  30  3:32  Oracle (Chrono Boost)  
  29  3:34  Mothership Core  
  29  3:39  Gateway  
  29  3:40  Gateway  
  29  3:47  Pylon  
  29  3:55  Probe  
  29  3:56  Pylon  
  30  4:04  Oracle (Chrono Boost)  
  33  4:10  Twilight Council  
  27  4:37  Adept  
Show
View Real Time Build Order
Export as new Build Order

Miszu Terran - Winner!

Build Orders: 1/1/1, Liberator Opening 

Get SALT Encoding   

  12  0:00  SCV  
  13  0:13  SCV  
  14  0:19  Supply Depot  
  14  0:27  SCV  
  15  0:29  Refinery  
  15  0:40  SCV  
  16  0:46  Barracks  
  16  0:52  SCV  
  17  1:04  SCV  
  18  1:16  SCV  
  19  1:32  Orbital Command  
  19  1:33  Marine  
  19  1:34  Factory  
  19  1:39  Supply Depot  
  20  1:51  Marine  
  21  1:58  SCV  
  22  2:09  Marine  
  22  2:10  SCV  
  24  2:19  Hellion  
  24  2:20  Starport  
  24  2:22  SCV  
  27  2:23  Supply Depot  
  27  2:28  Marine  
  28  2:34  SCV  
  29  2:40  Hellion  
  31  2:46  Marine  
  31  2:47  Supply Depot, SCV  
  33  2:56  Medivac  
  35  2:59  SCV  
  35  3:01  Hellion  
  35  3:04  Marine  
  39  3:11  SCV  
  40  3:21  Liberator  
  40  3:23  Marine  
  40  3:24  Hellion  
  40  3:26  SCV  
  43  3:38  SCV  
  43  3:41  Refinery  
  47  3:48  Supply Depot  
  47  3:57  Command Center  
  47  4:04  Barracks Reactor  
  47  4:09  SCV  
  41  4:30  SCV  
  42  4:32  Barracks  
  42  4:33  Barracks  
  40  4:44  SCV  
Tags
 
Add a new tag
Caveats
  • Supply blocks, unpowered buildings, or Contaminate may cause inaccurate times.
  • Supply counts are checked every 10 seconds.